 Dungeon Crawl Stone Soup version 0.30-a0-578-gdee14c521f (webtiles) character file.

Game seed: 906620056890033641

125 lunkers the Cutter (level 5, -3/61 HPs)
             Began as a Meteoran Reaver on Dec 31, 2022.
             Was a Follower of Trog.
             Slain by an iguana (9 damage)
             ... on level 4 of the Dungeon.
             The game lasted 00:02:11 (1442 turns).

lunkers the Cutter (Meteoran Reaver)                Turns: 1442, Time: 00:02:11

Health: -3/61      AC:  6    Str: 15    XL:     5   Next: 57%
Magic:  10/10      EV: 11    Int: 14    God:    Trog [*.....]
Gold:   137        SH:  0    Dex: 13    Spells: 3/9 levels left

rFire   . . .      SeeInvis .    a - +3 dagger
rCold   . . .      Faith    .    (no shield)
rNeg    . . .      Spirit   .    n - +0 ring mail
rPois   .          Reflect  .    (no helmet)
rElec   .          Harm     .    (no cloak)
rCorr   .          Rampage  .    g - +0 pair of gloves
Will    .....                    (no boots) Stlth
                                 (no amulet)
HPRegen 0.30/turn                (no ring)
MPRegen 0.12/turn                (no ring)

@: berserking, glowing, very quick
A: sense surroundings 1, otherworldly, glowing, explore regen
a: Renounce Religion, Berserk


You were on level 4 of the Dungeon.
You worshipped Trog.
Trog was aware of your devotion.
You visited 1 branch of the dungeon, and saw 4 of its levels.

You collected 137 gold pieces.

Inventory:

Hand Weapons
 a - a +3 dagger (weapon)
 c - a +0 mace
Armour
 b - a +0 leather armour
 g - a +0 pair of gloves (worn)
 n - a +0 ring mail (worn)
Jewellery
 p - a ring of ice
Scrolls
 d - a scroll of magic mapping {unknown}
 h - 5 scrolls of identify {unknown}
 i - a scroll of enchant weapon {unknown}
 k - a scroll of torment {unknown}
 o - a scroll of amnesia {unknown}
 q - a scroll of poison {unknown}
 r - a scroll of noise {unknown}
Potions
 e - a potion of brilliance {unknown}
 f - 2 potions of resistance {unknown}
 j - a potion of degeneration {unknown}
 l - 3 potions of heal wounds {unknown}
 m - 2 potions of mutation {unknown}


   Skills:
 - Level 2.1 Fighting
 * Level 4.9 Short Blades
 - Level 4.1 Maces & Flails
 - Level 2.4 Dodging
 - Level 2.6 Spellcasting
 - Level 3.6 Conjurations


You had 3 spell levels left.
You knew the following spells:

 Your Spells              Type           Power      Damage    Failure   Level
b - Momentum Strike       Conj/Tloc      12%        3d8       32%         2
c - Hailstorm             Conj/Ice       6%         3d4       54%         3
p - Kiss of Death         Conj/Necr      24%        2d7       22%         1

Your spell library contained the following spells:

 Spells                   Type           Power      Damage    Failure   Level


Dungeon Overview and Level Annotations

Branches:
Dungeon (4/15) Zot: 994
 Temple: D:4-7

Altars:
Trog
Vehumet


Innate Abilities, Weirdness & Mutations

You passively map a small area around you.
You are easily found by Zot.
You glow in the dark.
You regain HP and MP as you explore.


Message History

The iguana bites you!
You hit the iguana but do no damage.
The iguana is moderately wounded.
You closely miss the iguana.
The iguana is moderately wounded.
The iguana bites you!
* * * LOW HITPOINT WARNING * * *
You barely miss the iguana.
The iguana is moderately wounded.
The iguana bites you.
* * * LOW HITPOINT WARNING * * *
You barely miss the iguana.
The iguana is moderately wounded.
The iguana bites you!
* * * LOW HITPOINT WARNING * * *
You hit the iguana.
The iguana is heavily wounded.
You hit the iguana but do no damage.
The iguana is heavily wounded.
The iguana bites you!
* * * LOW HITPOINT WARNING * * *
You closely miss the iguana.
The iguana is moderately wounded.
The iguana bites you.
* * * LOW HITPOINT WARNING * * *
You closely miss the iguana.
The iguana is moderately wounded.
The iguana barely misses you.
Unknown command.
You barely miss the iguana.
The iguana is moderately wounded.
Unknown command.
A red film seems to cover your vision as you go berserk!
You feel yourself moving faster!
You feel mighty! The iguana barely misses you.
Unknown command.
You puncture the iguana!
The iguana is almost dead.
You hear an angry hiss.
The iguana bites you!
You die...

#.# , #.#
, , * ##<#
#..# , ,
#.## ,,*
#.# ,
**#.# #.#
, ,, #@#
......l.#
* ,
........?
,
###.######
* .. , , *
, , , ##*
* * , , ,
** * * * ,


You could see an iguana.

Vanquished Creatures
  7 adders
  A worm (D:3)
  4 dart slugs
  2 orcs (D:3)
  2 endoplasms
  3 giant cockroaches (D:2)
  3 goblins
  5 hobgoblins
  3 jackals (D:1)
  8 ball pythons
  6 bats
  3 frilled lizards (D:1)
  4 kobolds
  A rat (D:3)
52 creatures vanquished.

Vanquished Creatures (others)
  A jackal (D:1)
1 creature vanquished.

Grand Total: 53 creatures vanquished

Notes
Turn   | Place    | Note
-------+----------+-------------------------------------------
     0 | D:1      | lunkers the Meteoran Reaver began the quest for the Orb.
     0 | D:1      | Reached XP level 1. HP: 17/17 MP: 5/5
   226 | D:1      | Reached skill level 1 in Short Blades
   226 | D:1      | Reached XP level 2. HP: 24/24 MP: 6/6
   447 | D:2      | Reached XP level 3. HP: 29/29 MP: 8/8
   468 | D:2      | Learned a level 2 spell: Momentum Strike
   472 | D:2      | Learned a level 3 spell: Hailstorm
   641 | D:2      | Found a faded altar of an unknown god.
   649 | D:2      | Reached XP level 4. HP: 35/36 MP: 9/9
   649 | D:2      | Prayed at the altar of an unknown god.
   649 | D:2      | Became a worshipper of Trog the Wrathful
   649 | D:2      | Reached * piety under Trog
  1157 | D:3      | Reached XP level 5. HP: 41/41 MP: 10/10
  1291 | D:3      | Found a radiant altar of Vehumet.
  1442 | D:4      | Slain by an iguana

Illustrated notes

Levels and vault maps discovered:
D:1:      nicolae_arrival_memento_mori, layout_loops_ring
D:2:      layout_basic, shapermc_ecumenical_altar_venn, minmay_tetromino_o4
D:3:      layout_rooms, mainiacjoe_overflow_alcove_4
D:4:      layout_rooms, nicolae_ru_sacrificial_ziggurat, corexii_hall_statues_u

Skill      XL: |  1  2  3  4 |
---------------+-------------+-----
Short Blades   | 1 2 3 4 |  4.9
Fighting       | |  2.1
Maces & Flails | |  4.1
Dodging        | |  2.4
Spellcasting   | |  2.6
Conjurations   | |  3.6

Action                   |  1- 3 |  4- 6 || total
-------------------------+-------+-------++-------
Melee: Dagger            |    75 |   134 ||   209
       Mace              |     4 |       ||     4
Invok: Berserk           |       |     1 ||     1
Armor: Leather armour    |    22 |    28 ||    50
       Ring mail         |       |    24 ||    24
Dodge: Dodged            |    45 |    40 ||    85

Table legend: (Time is in decaauts)
 A = Elapsed time spent in this place.
 B = Non-inter-level travel time spent in this place.
 C = Inter-level travel time spent in this place.
 D = Time resting spent in this place.
 E = Time spent auto-exploring this place.
 F = Levels seen in this place.
 G = Mean time per level.
                   A        B        C        D        E       F      G
               +--------+--------+--------+--------+--------+-----+--------+
         Total |   1405 |   1184 |    221 |      0 |    828 |   4 |  351.2 |
       Dungeon |   1405 |   1184 |    221 |      0 |    828 |   4 |  351.2 |
               +--------+--------+--------+--------+--------+-----+--------+

Top non-repeatable levels by time:
     D:2: 634 daAuts
     D:1: 438 daAuts
     D:3: 310 daAuts
     D:4: 21 daAuts
